Map: Lerilak Crest

Players

Muckraker - Winner!

  • Race: Zerg Zerg
  • League: Platinum

Javert

  • Race: Zerg Zerg
  • League: Gold

VOD

Have the link to the VOD?

Description

Time

  • Played on: Sept. 28, 2015, 10:42 p.m.
  • Length: 6:01
Show
View Real Time Build Order
Export as new Build Order

Muckraker Zerg - Winner!

Build Orders: Pool First 

Get SALT Encoding   

  12  0:00  Drone  
  13  0:08  Drone  
  14  0:26  Drone, Extractor  
  14  0:34  Drone, Spawning Pool  
  14  0:42  Drone, Extractor  
  14  0:48  Overlord  
  15  1:09  Drone x2  
  15  1:10  Drone  
  18  1:20  Queen  
  18  1:23  Zergling x2  
  21  1:31  Zergling x2  
  22  1:34  Metabolic Boost  
  22  1:52  Hatchery  
  21  1:54  Zergling x2  
  22  2:08  Overlord  
  22  2:26  Zergling x6  
  22  2:29  Zergling x4  
  27  2:30  Baneling Nest  
  27  2:31  Zergling x2  
  27  2:42  Zergling x4  
  29  2:51  Zergling x2  
  30  3:03  Overlord  
  30  3:05  Zergling x2  
  31  3:06  Queen  
  33  3:18  Baneling  
  32  3:26  Zergling x8  
  29  3:35  Zergling x2  
  29  3:36  Zergling x2  
  29  3:43  Zergling x2  
  30  3:55  Zergling x4  
  30  3:56  Zergling x4  
  30  4:02  Zergling x4  
  34  4:10  Zergling x4  
  34  4:14  Zergling x2  
  34  4:15  Zergling x2  
  35  4:19  Zergling x2  
  35  4:22  Drone  
  35  4:26  Drone  
  36  4:37  Zergling x4  
  36  4:38  Zergling x2  
  36  4:48  Drone  
  36  4:49  Zergling x4  
  39  4:57  Zergling x2  
  39  4:58  Zergling x2  
  39  4:59  Zergling x2  
  39  5:14  Zergling x4  
  39  5:15  Zergling x2  
  39  5:16  Zergling x2  
  39  5:20  Overlord  
  37  5:44  Zergling x6  
  37  5:48  Drone  
Show
View Real Time Build Order
Export as new Build Order

Javert Zerg 

Build Orders: Pool First 

Get SALT Encoding   

  12  0:03  Drone  
  13  0:15  Overlord  
  13  0:19  Drone  
  14  0:34  Drone x2  
  16  0:38  Drone  
  17  0:47  Spawning Pool  
  17  0:48  Drone  
  17  0:59  Drone  
  18  1:14  Hatchery  
  18  1:18  Drone  
  18  1:21  Extractor  
  18  1:23  Drone  
  18  1:35  Roach Warren  
  18  1:38  Queen  
  20  1:47  Drone  
  20  1:48  Overlord  
  20  2:16  Roach x3  
  26  2:30  Overlord  
  26  2:31  Drone  
  27  2:38  Roach  
  27  2:39  Roach  
  31  2:50  Drone x5  
  36  2:59  Baneling Nest  
  36  3:01  Zergling x2  
  28  3:38  Drone x8  
  27  3:41  Drone  
  28  4:09  Drone  
  29  4:10  Drone x2  
  29  4:17  Roach x3  
  29  4:36  Drone x3  
  32  4:39  Drone  
  33  4:59  Drone x3, Overlord  
  30  5:15  Drone x3  
  30  5:21  Drone  
  32  5:37  Drone x2  
Tags
 
Add a new tag
Caveats
  • Supply blocks, unpowered buildings, or Contaminate may cause inaccurate times.
  • Supply counts are checked every 10 seconds.